 Dungeon Crawl Stone Soup version 0.30-a0-373-gd37427bb62 (webtiles) character file.

Game seed: 10564965081215998927

86 purpskrrrp the Chopper (level 4, -2/41 HPs)
             Began as a Hill Orc Monk on Nov 24, 2022.
             Slain by a gnoll
             ... wielding a +0 halberd
              (10 damage)
             ... on level 2 of the Dungeon.
             The game lasted 00:02:12 (1320 turns).

purpskrrrp the Chopper (Hill Orc Monk)              Turns: 1320, Time: 00:02:12

Health: -2/41      AC:  6    Str: 15    XL:     4   Next: 50%
Magic:  4/4        EV: 12    Int: 10    God:
Gold:   26         SH:  0    Dex: 13    Spells: 3/3 levels left

rFire   + . .      SeeInvis .    a - +0 hand axe
rCold   x . .      Faith    .    (no shield)
rNeg    . . .      Spirit   .    b - +0 robe
rPois   .          Reflect  .    (no helmet)
rElec   .          Harm     .    (no cloak)
rCorr   .          Rampage  .    (no gloves)
Will    .....                    (no boots)
Stlth   ++........               (no amulet)
HPRegen 0.26/turn                g - +4 ring of protection
MPRegen 0.09/turn                l - ring of fire

@: no status effects
A: no striking features
a: no special abilities


You were on level 2 of the Dungeon.
You visited 1 branch of the dungeon, and saw 2 of its levels.

You collected 26 gold pieces.

Inventory:

Hand Weapons
 a - a +0 hand axe (weapon)
Armour
 b - a +0 robe (worn)
Jewellery
 g - a +4 ring of protection (left hand)
 l - a ring of fire (right hand)
Scrolls
 c - 2 scrolls of enchant armour {unknown}
 d - 3 scrolls of teleportation {unknown}
 f - 3 scrolls of poison {unknown}
 h - a scroll of amnesia {unknown}
 i - a scroll of enchant weapon {unknown}
Potions
 e - 3 potions of curing {unknown}
 j - a potion of resistance {unknown}
 k - a potion of brilliance {unknown}


   Skills:
 + Level 4.4 Fighting
 * Level 5.6 Axes
 + Level 1.8 Armour
 - Level 2.4 Dodging
 - Level 1.5 Stealth


You had 3 spell levels left.
You didn't know any spells.
Your spell library was empty.

Dungeon Overview and Level Annotations

Branches:
Dungeon (2/15)

Altars:


Message History

The gnoll attacks as you move away! The gnoll hits you with a +0 club.
The kobold closely misses you.
A ball python comes into view.
Okay, then.
You hit the gnoll but do no damage.
The gnoll is moderately wounded.
The gnoll hits you but does no damage.
You barely miss the gnoll. You punch the gnoll, but do no damage.
The gnoll is moderately wounded.
The gnoll closely misses you.
The ball python hisses angrily.
You slash the gnoll!
The gnoll is severely wounded.
The gnoll hits you with a +0 club. x2
* * * LOW HITPOINT WARNING * * *
You hit the gnoll.
The gnoll is almost dead.
The gnoll closely misses you.
You hit the gnoll.
You kill the gnoll!
You barely miss the kobold. The kobold closely misses you.
The kobold hits you but does no damage.
You hit the kobold.
The kobold is moderately wounded.
The kobold closely misses you.
You closely miss the kobold.
The kobold is moderately wounded.
The kobold hits you with a +0 short sword of speed.
* * * LOW HITPOINT WARNING * * *
The kobold closely misses you.
You slash the kobold!
You kill the kobold!
You barely miss the jackal.
The jackal bites you but does no damage.
The gnoll hits you but does no damage.
You barely miss the jackal. The jackal bites you.
* * * LOW HITPOINT WARNING * * *
The jackal misses you.
The gnoll hits you from afar with a +0 halberd!
You die...

# #. #.##### #
.....# . ..#####.# .
#.....#.###### .###
.....#@#....# ...
.....#h#....#
########
#....#g#..###.#
.....).#
#...##hS......#
.#####.#
#...###...##### .###
#)####....##.......#
...#
#.......##.#...h...#
##.#
#####...##.#.##...##
##.## ##.#....>#
.S.#


You could see a gnoll, 2 jackals and a ball python.

Vanquished Creatures
  3 gnolls (D:2)
  An adder (D:2)
  3 dart slugs
  2 bats (D:1)
  6 endoplasms
  5 goblins
  5 hobgoblins
  4 jackals (D:1)
  4 kobolds
  A quokka (D:2)
  4 frilled lizards
38 creatures vanquished.

Notes
Turn   | Place    | Note
-------+----------+-------------------------------------------
     0 | D:1      | purpskrrrp the Hill Orc Monk began the quest for the Orb.
     0 | D:1      | Reached XP level 1. HP: 19/19 MP: 1/1
    94 | D:1      | Reached XP level 2. HP: 17/27 MP: 2/2
   226 | D:1      | Reached skill level 1 in Armour
   430 | D:1      | Reached XP level 3. HP: 33/33 MP: 3/3
   562 | D:1      | Reached skill level 5 in Axes
  1195 | D:2      | Reached XP level 4. HP: 27/40 MP: 4/4
  1320 | D:2      | Slain by a gnoll

Illustrated notes

Levels and vault maps discovered:
D:1:      lightli_arrival_chessboard, layout_basic, serial_glass,
          glass_columns_a, glass_columns_a, glass_columns_a, glass_columns_a,
          glass_columns_b, glass_columns_a, item_on_display_a
D:2:      layout_loops_cross, serial_co_window_serial, co_window_paths_b,
          co_window_corner_a, co_window_paths_b, co_window_paths_a,
          co_window_corner_a, co_window_cross_3, co_window_corner_b,
          co_window_corner_b, co_window_cross_2, co_window_corner_cb,
          co_window_broadway_c, co_window_4corner_a, glass_columns_b,
          glass_columns_b, glass_columns_a

Skill      XL: |  1  2  3 |
---------------+----------+-----
Armour         | 1 |  1.8
Fighting       | 4 |  4.4
Axes           | 5 |  5.6
Dodging        | |  2.4
Stealth        | |  1.5

Action                   |  1- 3 |  4- 6 || total
-------------------------+-------+-------++-------
Melee: Hand axe          |   110 |    22 ||   132
       Punch             |       |     1 ||     1
  Use: Potion            |     1 |       ||     1
 Stab: Sleeping          |     4 |       ||     4
Armor: Robe              |    28 |     6 ||    34
Dodge: Dodged            |    78 |    17 ||    95

Table legend: (Time is in decaauts)
 A = Elapsed time spent in this place.
 B = Non-inter-level travel time spent in this place.
 C = Inter-level travel time spent in this place.
 D = Time resting spent in this place.
 E = Time spent auto-exploring this place.
 F = Levels seen in this place.
 G = Mean time per level.
                   A        B        C        D        E       F      G
               +--------+--------+--------+--------+--------+-----+--------+
         Total |   1325 |   1306 |     19 |      0 |   1004 |   2 |  662.5 |
       Dungeon |   1325 |   1306 |     19 |      0 |   1004 |   2 |  662.5 |
               +--------+--------+--------+--------+--------+-----+--------+

Top non-repeatable levels by time:
     D:1: 840 daAuts
     D:2: 484 daAuts
